 Dungeon Crawl Stone Soup version 0.28-a0-730-g892d06dc2c (webtiles) character file.

Game seed: 11511171421530225066

165 Woods the Insei (level 5, -1/36 HPs)
             Began as an Octopode Transmuter on Oct 28, 2021.
             Killed from afar by Sigmund (7 damage)
             ... with a magic dart
             ... on level 4 of the Dungeon.
             The game lasted 00:08:30 (4317 turns).

Woods the Insei (Octopode Transmuter)               Turns: 4317, Time: 00:08:30

Health: -1/36      AC:  2    Str: 16    XL:     5   Next: 46%
Magic:  2/8        EV: 17    Int: 15    God:
Gold:   156        SH:  0    Dex: 13    Spells: 2/8 levels left

rFire   . . .      SeeInvis .     - Unarmed
rCold   . . .      Faith    .   (no shield)
rNeg    . . .      Spirit   .   q - +1 hat
rPois   .          Reflect  .   (no amulet)
rElec   .          Harm     .   j - +6 ring of strength
rCorr   .          Rampage  .   e - +4 ring of evasion
Will    .....                   (no ring)
Stlth   ++........              (no ring)
HPRegen 0.12/turn               (no ring)
MPRegen 0.11/turn               (no ring)
                                (no ring)
                                (no ring)

@: lethally poisoned (-1 -> -2), very slightly contaminated
A: almost no armour, amphibious, 8 rings, camouflage 1, gelatinous body 1,
(nimble swimmer 1), tentacles
a: no special abilities


You were on level 4 of the Dungeon.
You visited 1 branch of the dungeon, and saw 4 of its levels.

You collected 156 gold pieces.

Inventory:

Armour
 q - a +1 hat (worn)
Jewellery
 e - a +4 ring of evasion (right tentacle)
 j - a +6 ring of strength (left tentacle)
Wands
 k - a wand of digging (4)
Scrolls
 a - a scroll of magic mapping {unknown}
 b - a scroll of summoning {unknown}
 f - 4 scrolls of identify {unknown}
 g - 2 scrolls of enchant weapon {unknown}
 h - a scroll of fog {unknown}
 i - a scroll of teleportation {unknown}
 l - a scroll of enchant armour {unknown}
Potions
 c - a potion of flight {unknown}
 d - 3 potions of curing {unknown}
 m - a potion of haste {unknown}
 n - a potion of might
 o - a potion of berserk rage {unknown}
 p - a potion of cancellation {unknown}


   Skills:
 + Level 3.6 Fighting
 - Level 2.0 Dodging
 + Level 4.7 Unarmed Combat
 - Level 2.0 Spellcasting
 - Level 2.0 Transmutations


You had 2 spell levels left.
You knew the following spells:

 Your Spells              Type           Power      Damage    Failure   Level
a - Beastly Appendage     Tmut           14%        N/A       10%         1
b - Wereblood             Tmut           7%         N/A       14%         2
c - Spider Form           Tmut/Pois      2%         N/A       41%         3

Your spell library contained the following spells:

 Spells                   Type           Power      Damage    Failure   Level
 Magic Dart               Conj           4%         1d3       22%         1
 Searing Ray              Conj           2%         2d4       32%         2
 Ice Form                 Ice/Tmut       4%         N/A       82%         4
 Fulminant Prism          Conj/Hex       0%         3d6       91%         4


Dungeon Overview and Level Annotations

Branches:
Dungeon (4/15)
 Temple: D:4-7

Altars:

Annotations:
D:3 3 runed translucent doors, Guts's ghost, amateur MiBe
D:4 Sigmund


Innate Abilities, Weirdness & Mutations

You cannot wear most types of armour.
You are amphibious.
You can wear up to eight rings at the same time.
Your skin changes colour to match your surroundings (Stealth+).
Your rubbery body absorbs attacks. (AC +1, EV +1)
((You are camouflaged near water. (Stealth+)))
You have tentacles for arms and can constrict up to eight enemies at once.


Message History

Your +1 hat unmelds from your body.
There is a stone staircase leading up here.
Found an escape hatch in the floor.
You tentacle-slap the hound skeleton. You grab the hound skeleton.
The hound skeleton is lightly damaged.
You constrict the hound skeleton. The hound skeleton misses you.
You bludgeon the hound skeleton!
The hound skeleton is severely damaged.
You constrict the hound skeleton.
The hound skeleton bites you but does no damage.
The hound skeleton closely misses you.
You tentacle-slap the hound skeleton. You squeeze the hound skeleton.
You destroy the hound skeleton!
Casting: Beastly Appendage (safe; 10% risk of failure)
Confirm with . or Enter, or press ? or * to list all spells.
The spell is quite dangerous to cast (41% risk of failure)!
Continue anyway?
You miscast Spider Form.
You are very lightly contaminated with residual magic.
You feel rather nauseous for a moment!
You are poisoned.
Sigmund shouts!
You feel sick.
Casting: Spider Form (quite dangerous; 41% risk of failure)
Confirm with . or Enter, or press ? or * to list all spells.
The spell is quite dangerous to cast (41% risk of failure)!
Continue anyway?
You miscast Spider Form.
You feel incredibly sick!
You are more poisoned.
You feel sick.
Sigmund is suddenly surrounded by pale red light.
You feel sick.
You feel sick.
You feel sick.
You feel sick.
You feel sick.
An endoplasm comes into view.
There is a stone staircase leading up here.
You feel sick.
Sigmund points at you and mumbles some strange words.
The magic dart hits you!
You die...

#..# #....## ... ....#
#.....##.>..
##......##.#..........
..........#.#.........
...........##.........
...........#........
................... #..
#..##[....@....... #...
#..##@...#........
.....##....(..###.......
.........##.....#.......
..........##.....J......
##..#.....#...##......
.............## ....#
..........##.# #..#
...##........# ..
...........#.. .


You could see Sigmund and an endoplasm (wandering).

Vanquished Creatures
  An orc priest (D:3)
  An iguana (D:3)
  A hound skeleton (D:4)
  An adder (D:2)
  A worm (D:3)
  3 dart slugs
  9 orcs
  6 endoplasms
  3 giant cockroaches
  A goblin (D:2)
  8 hobgoblins
  7 kobolds
  5 quokkas
  7 ball pythons
  3 bats
  4 frilled lizards
  6 rats
67 creatures vanquished.

Notes
Turn   | Place    | Note
-------+----------+-------------------------------------------
     0 | D:1      | Woods the Octopode Transmuter began the quest for the Orb.
     0 | D:1      | Reached XP level 1. HP: 13/13 MP: 3/3
   189 | D:1      | Reached XP level 2. HP: 17/18 MP: 3/5
   192 | D:1      | Learned a level 2 spell: Wereblood
  1073 | D:1      | Reached XP level 3. HP: 8/24 MP: 6/6
  2036 | D:2      | Learned a level 3 spell: Spider Form
  2534 | D:2      | Reached skill level 4 in Unarmed Combat
  2534 | D:2      | Reached XP level 4. HP: 30/30 MP: 5/7
  3209 | D:3      | Found a runed translucent gate.
  3210 | D:3      | Found a runed translucent gate.
  3210 | D:3      | Noticed Guts's ghost (amateur MiBe)
  3211 | D:3      | Found a runed translucent gate.
  3212 | D:3      | Noticed a kobold brigand
  3638 | D:4      | Noticed Sigmund
  3854 | D:3      | Reached XP level 5. HP: 11/36 MP: 5/8
  4317 | D:4      | Killed from afar by Sigmund

Illustrated notes

Levels and vault maps discovered:
D:1:      lightli_arrival_statue_moat, layout_basic
D:2:      layout_rooms
D:3:      layout_basic, gammafunk_ghost_nasty_kobolds
D:4:      layout_cave_pools, minmay_temple_entry_proselytizer,
          minmay_misc_feat_secret_circle, dk_noncrumbling_2, uniq_sigmund,
          uniq_eustachio

Skill      XL: |  1  2  3  4 |
---------------+-------------+-----
Fighting       | 2 3 |  3.6
Unarmed Combat | 4 |  4.7
Dodging        | |  2.0
Spellcasting   | |  2.0
Transmutations | |  2.0

Action                   |  1- 3 |  4- 6 || total
-------------------------+-------+-------++-------
Melee: Unarmed           |    93 |    62 ||   155
       Kick              |    22 |    13 ||    35
       Constrict         |    21 |    16 ||    37
       Tentacles         |    15 |    13 ||    28
       Punch             |     3 |     2 ||     5
 Cast: Beastly Appendage |    23 |    11 ||    34
       Spider Form       |       |     2 ||     2
 Stab: Sleeping          |     6 |     3 ||     9
Armor: Skin              |     6 |     2 ||     8
Dodge: Dodged            |    73 |    54 ||   127

Table legend: (Time is in decaauts)
 A = Elapsed time spent in this place.
 B = Non-inter-level travel time spent in this place.
 C = Inter-level travel time spent in this place.
 D = Time resting spent in this place.
 E = Time spent auto-exploring this place.
 F = Levels seen in this place.
 G = Mean time per level.
                   A        B        C        D        E       F      G
               +--------+--------+--------+--------+--------+-----+--------+
         Total |   4309 |   4222 |     87 |   1679 |   1955 |   4 | 1077.2 |
       Dungeon |   4309 |   4222 |     87 |   1679 |   1955 |   4 | 1077.2 |
               +--------+--------+--------+--------+--------+-----+--------+

Top non-repeatable levels by time:
     D:1: 1966 daAuts
     D:3: 1384 daAuts
     D:2: 826 daAuts
     D:4: 132 daAuts
